 Dungeon Crawl Stone Soup version 0.17-a0-1262-gd250d98 (webtiles) character file.

923 wotan the Grappler (level 8, -3/67 HPs)
             Began as a Ghoul Monk on June 6, 2015.
             Slain by a giant frog (5 damage)
             ... in a sewer.
             The game lasted 00:23:21 (4104 turns).

wotan the Grappler (Ghoul Monk)                     Turns: 4104, Time: 00:23:22

Health: -3/67      AC:  3    Str: 15    XL:     8   Next: 10%
Magic:  7/7        EV: 14    Int:  6    God:
Gold:   153        SH:  0    Dex: 12    Spells: 0 memorised, 7 levels left

rFire  + . .     SeeInvis .       - Unarmed
rCold  + . .     Clarity  .     p - +0 robe
rNeg   + + +     SustAt   .     (no shield)
rPois  ∞         Gourm    .     y - +0 helmet
rElec  .         Spirit   .     (no cloak)
rCorr  .         Warding  .     (no gloves)
rMut   .         Stasis   .     (no boots)
MR     .....                    (no amulet)
Stlth  +.........               (no ring)
                                k - ring of protection from fire

@: rotting, not resistant to hostile enchantments, very unstealthy
A: rotting body, claws 1, carnivore 3, cold resistance 1, negative energy
resistance 3, slow healing 1, torment resistance, unbreathing
a: no special abilities


You were in a sewer.
You were not hungry.

You visited 1 branch of the dungeon, and saw 4 of its levels.
You also visited: Sewer.

You collected 153 gold pieces.

Inventory:

Missiles
 c - 227 stones (quivered)
 h - 4 curare-tipped needles
Armour
 d - a +0 leather armour
 p - a +0 robe (worn)
 s - a +0 chain mail
 y - a +0 helmet (worn)
Jewellery
 k - a ring of protection from fire (left claw)
Magical devices
 t - a wand of digging (15)
Scrolls
 e - 3 scrolls of recharging
 f - a scroll of magic mapping
 i - a scroll of remove curse
Potions
 a - 2 potions of magic
 l - a potion of brilliance {unknown}
 n - 3 potions of curing
 r - a potion of cancellation {unknown}
 u - 2 potions of flight
 w - a potion of agility {unknown}
Books
 g - a book of Envenomations

   Spells                             Type                      Level
   a - Spider Form                    Transmutation/Poison         3
   b - Alistair's Intoxication        Transmutation/Poison         4
   c - Olgreb's Toxic Radiance        Poison                       4
   d - Poisonous Cloud                Conjuration/Poison/Air       6
Comestibles
 b - a meat ration
 j - 2 chunks of flesh


   Skills:
 + Level 4.3 Fighting
 - Level 5.7 Dodging
 - Level 2.1 Stealth
 - Level 8.4 Unarmed Combat


You had 7 spell levels left.
You didn't know any spells.

Dungeon Overview and Level Annotations

Branches:
Dungeon (4/15)
 Temple: D:4-7

Altars:


Innate Abilities, Weirdness & Mutations

Your body is rotting away.
You thrive on raw meat.
You are immune to poison.
You have sharp fingernails.
You are carnivorous and can eat meat at any time.
Your flesh is cold resistant.
You are immune to negative energy.
You heal slowly when monsters are visible.
You are immune to unholy pain and torment.
You can survive without breathing.


Message History

The giant frog closely misses you. The giant frog hits you.
* * * LOW HITPOINT WARNING * * *
Drink which item? (? for menu, Esc to quit)
You can't drink that!
The giant frog hits you.
* * * LOW HITPOINT WARNING * * *
The giant frog hits you.
* * * LOW HITPOINT WARNING * * *
The giant frog barely misses you. The giant frog closely misses you.
The giant frog barely misses you.
You see here a ball python corpse.
Eat one of 3 chunks of flesh? (ye/n/q/i?) This raw flesh tastes great!
The giant frog closely misses you. The giant frog barely misses you.
The giant frog hits you.
* * * LOW HITPOINT WARNING * * *
You continue eating.
The giant frog hits you!
* * * LOW HITPOINT WARNING * * *
The giant frog hits you.
You die...

#≈≈≈≈≈≈#
#≈≈≈≈≈≈#
#≈≈≈≈≈≈#
#≈≈≈≈≈≈#
#≈≈≈≈≈≈#
#≈†††≈≈#
#≈≈≈≈≈≈#
#≈..†..#
#≈≈≈≈≈≈#
#≈≈.≈≈≈#
#≈≈≈≈≈≈#
#≈≈≈≈≈≈#
#≈≈≈≈≈≈#
#≈≈≈≈≈≈#
#≈≈≈≈≈≈#
#≈≈≈≈≈≈#
#≈≈†F@≈#
#≈≈≈≈≈≈#
#≈≈≈†F≈#
#≈≈≈≈≈≈#
#≈≈≈≈≈≈#
#≈≈≈≈≈≈#
#≈≈≈≈≈≈#
#≈≈≈≈≈≈#
#≈≈≈≈≈≈#
#≈≈≈≈≈≈#
#......#
#.≈≈..≈#
#......#****
#......#
#......#,,,*
##......
#......+,∩,*
#......


You could see 2 giant frogs.

Vanquished Creatures
  Grinder (D:3)
  Menkaure (D:4)
  Purgy (D:4)
  A hound (D:3)
  2 orc wizards (D:3)
  Ijyb (D:3)
  Terence (D:2)
  2 worker ants (D:4)
  Robin (D:3)
  3 gnolls (D:3)
  11 adders
  3 river rats (Sewer)
  2 oozes
  A worm (D:2)
  2 giant geckos
  5 orcs
  17 ball pythons
  2 giant cockroaches (D:3)
  16 hobgoblins
  2 jackals (D:3)
  9 kobolds
  A quokka (D:3)
  11 bats
  A giant gecko zombie (D:3)
  6 giant newts
  22 goblins
  30 rats
155 creatures vanquished.

Notes
Turn   | Place    | Note
--------------------------------------------------------------
     0 | D:1      | wotan the Ghoul Monk began the quest for the Orb.
     0 | D:1      | Reached XP level 1. HP: 19/19 MP: 0/0
   407 | D:1      | Reached XP level 2. HP: 21/26 MP: 1/1
   797 | D:1      | Reached skill level 5 in Unarmed Combat
  1008 | D:2      | Reached XP level 3. HP: 27/31 MP: 2/2
  1447 | D:2      | Noticed Terence
  1459 | D:2      | Killed Terence
  1459 | D:2      | Reached XP level 4. HP: 14/38 MP: 3/3
  1682 | D:2      | Reached skill level 6 in Unarmed Combat
  2012 | D:3      | Reached XP level 5. HP: 45/45 MP: 4/4
  2314 | D:3      | Reached XP level 6. HP: 24/51 MP: 5/5
  2386 | D:3      | Noticed Robin
  2440 | D:3      | Noticed Grinder
  2489 | D:3      | Killed Robin
  2902 | D:3      | Noticed Ijyb
  2933 | D:3      | Killed Ijyb
  3216 | D:3      | Killed Grinder
  3216 | D:3      | Reached skill level 5 in Dodging
  3216 | D:3      | Reached XP level 7. HP: 50/57 MP: 6/6
  3268 | D:4      | Reached skill level 7 in Unarmed Combat
  3289 | D:4      | Noticed Menkaure
  3299 | D:4      | Killed Menkaure
  3579 | D:4      | Noticed Purgy
  3589 | D:4      | Killed Purgy
  3589 | D:4      | Reached skill level 8 in Unarmed Combat
  3654 | D:4      | Found a glowing drain.
  3661 | Sewer    | Entered a sewer
  3803 | Sewer    | Reached XP level 8. HP: 51/63 MP: 7/7
  4104 | Sewer    | HP: 2/67 [giant frog (7)]
  4104 | Sewer    | Slain by a giant frog

Vault maps used:
D:1:      saegor_arrival_under_anarchy, grunt_decor_arrowhead
D:2:      uniq_terence
D:3:      uniq_robin, uniq_iyjb, uniq_grinder
D:4:      lightli_sewer_entry_pipes, uniq_menkaure, uniq_purgy
Sewer:    sewer_minmay_w

Action                   |  1- 3 |  4- 6 |  7- 9 || total
-------------------------+-------+-------+-------++-------
Melee: Unarmed           |   114 |   223 |   194 ||   531
Throw: Stone             |       |     4 |     1 ||     5
  Use: Scroll            |       |       |    14 ||    14
       Potion            |       |       |     4 ||     4
 Stab: Sleeping          |     3 |       |     2 ||     5
  Eat: Chunk             |     4 |    16 |    11 ||    31
